Map: Reclamation LE

Players

abricot - Winner!

  • Race: Protoss Protoss
  • League: Master
  • Spawn Location: 11:00

tristan - Winner!

  • Race: Terran Terran
  • League: Diamond
  • Spawn Location: 12:00

Ekelpack

  • Race: Zerg Zerg
  • Spawn Location: 5:00

Nyck

  • Race: Terran Terran
  • Spawn Location: 6:00

VOD

Have the link to the VOD?

Description

Time

  • Played on: April 18, 2025, 3:02 p.m.
  • Length: 15:13
Show
View Real Time Build Order
Export as new Build Order

abricot Protoss - Winner!

Build Orders: 1 Gate Expand, Double Forge, Phoenix Opening 

Get SALT Encoding   

  12  0:01  Probe  
  13  0:17  Pylon  
  13  0:18  Probe  
  14  0:43  Probe  
  14  0:44  Gateway  
  14  0:46  Assimilator  
  15  0:55  Probe  
  16  1:07  Probe  
  17  1:21  Probe  
  17  1:23  Nexus  
  18  1:32  Probe  
  18  1:34  Cybernetics Core  
  19  1:45  Probe  
  20  1:51  Assimilator  
  20  1:55  Pylon  
  20  1:57  Probe  
  21  2:07  Warp Gate  
  21  2:08  Stalker  
  21  2:13  Probe  
  24  2:21  Shield Battery  
  24  2:24  Gateway  
  24  2:27  Probe  
  25  2:35  Stalker  
  27  2:52  Gateway  
  27  2:55  Gateway  
  27  2:57  Probe  
  27  2:59  Probe  
  27  3:05  Probe  
  29  3:07  Probe  
  31  3:13  Probe  
  31  3:16  Stalker  
  34  3:22  Stalker  
  36  3:28  Probe  
  36  3:30  Probe  
  38  3:36  Phoenix  
  38  3:40  Probe  
  39  3:43  Probe  
  39  3:44  Twilight Council  
  40  3:50  Pylon  
  40  3:55  Sentry  
  42  3:56  Probe x2  
  42  3:59  Assimilator  
  44  4:08  Stalker, Probe x2  
  48  4:13  Stalker  
  50  4:20  Blink  
  50  4:37  Stalker x2  
  54  4:52  Pylon  
  54  4:53  Pylon  
  54  4:56  Forge x2, Pylon  
  54  5:04  Probe x2  
  52  5:09  Stalker  
  50  5:21  Stalker x2  
  47  5:32  Protoss Ground Armor Level 1, Protoss Ground Weapons Level 1  
  47  5:33  Probe x2  
  45  5:45  Probe  
  46  5:52  Probe  
  47  5:58  Nexus  
  47  6:02  Probe  
  49  6:04  Pylon, Probe  
  49  6:10  Gateway  
  49  6:14  Probe, Phoenix  
  49  6:16  Probe  
  50  6:22  Stalker  
  50  6:24  Probe  
  53  6:26  Probe  
  55  6:36  Sentry  
  57  6:48  Stalker x3  
  63  6:57  Probe x2  
  63  6:59  Assimilator  
  65  7:04  Gateway  
  65  7:07  Gateway  
  65  7:09  Probe x2  
  67  7:18  Robotics Facility  
  67  7:19  Robotics Facility  
  67  7:20  Probe  
  67  7:21  Probe  
  45  8:00  Stalker x2  
  45  8:01  Stalker x4  
  55  8:11  Robotics Bay  
  55  8:13  Immortal  
  55  8:14  Immortal  
  55  8:18  Probe  
  55  8:19  Probe x2  
  62  8:23  Charge  
  66  8:30  Pylon  
  66  8:32  Assimilator  
  66  8:33  Protoss Ground Weapons Level 2  
  66  8:34  Probe  
  66  8:35  Probe x2  
  69  8:46  Protoss Ground Armor Level 2  
  69  8:51  Probe  
  69  8:52  Assimilator  
  69  8:54  Pylon  
  69  8:55  Colossus  
  70  8:58  Colossus  
  76  9:09  Probe  
  83  9:10  Probe  
  83  9:11  Probe  
  85  9:18  Sentry  
  85  9:19  Sentry  
  85  9:20  Stalker  
  85  9:21  Probe  
  92  9:27  Probe x2  
  94  9:38  Stalker x4  
  100  9:40  Extended Thermal Lance  
  102  9:49  Colossus  
  96  10:08  Colossus  
  96  10:13  Stalker x4  
  104  10:22  Probe x2  
  104  10:23  Probe  
  107  10:28  Pylon  
  107  10:31  Pylon  
  107  10:34  Probe  
  108  10:38  Gateway  
  108  10:40  Gateway  
  108  10:46  Gateway  
  108  10:48  Pylon  
  108  10:57  Warp Prism, Nexus  
  110  11:05  Unknown  
  110  11:08  Pylon  
  110  11:13  Templar Archives  
  110  11:14  Probe  
  110  11:15  Probe x2  
  110  11:17  Protoss Shields Level 1  
  113  11:20  Protoss Ground Weapons Level 3  
  113  11:27  Probe x2  
  113  11:28  Probe  
  113  11:31  Stalker x2  
  120  11:39  Probe  
  121  11:43  Probe  
  121  11:44  Probe  
  123  11:51  High Templar x6  
  123  11:53  Probe  
  136  11:55  Archon x3  
  136  11:56  Probe x2  
  138  12:05  Observer x2  
  140  12:28  Probe  
  140  12:29  Stalker x3, Probe  
  148  12:30  Stalker x3  
  154  12:59  Zealot  
  154  13:00  Zealot x4  
  154  13:03  Colossus x2  
  154  13:04  Zealot  
  156  13:09  Zealot x4  
  120  13:23  Zealot  
  120  13:24  Zealot x4  
  130  13:35  Probe x2  
  132  13:44  Zealot x5  
  132  13:56  Assimilator, Pylon, Colossus  
  132  13:57  Assimilator, Nexus, Colossus  
  132  13:59  Pylon  
  124  14:11  Stalker x10  
  124  14:14  Probe x2  
  124  14:15  Probe x2  
  142  14:36  Gateway  
  142  14:37  Gateway  
  142  14:39  Gateway  
  142  14:40  Stalker x3  
  150  14:54  Probe x2  
  152  15:03  Pylon  
  152  15:04  Pylon  
  152  15:05  Pylon  
Show
View Real Time Build Order
Export as new Build Order

tristan Terran - Winner!

Build Orders: 2 Factory, Mech 

Get SALT Encoding   

  12  0:00  SCV  
  13  0:12  SCV  
  14  0:17  Supply Depot  
  14  0:24  SCV  
  15  0:39  SCV  
  15  0:41  Barracks  
  16  0:46  Refinery  
  16  0:53  SCV  
  17  1:05  SCV  
  18  1:12  Refinery  
  18  1:18  SCV  
  19  1:28  Marine  
  20  1:35  Orbital Command  
  20  1:50  Barracks Tech Lab  
  20  1:58  Supply Depot  
  20  2:01  SCV, Factory  
  21  2:09  Marine  
  21  2:13  SCV  
  23  2:25  SCV  
  24  2:33  Factory  
  24  2:38  Barracks Reactor  
  24  2:55  Hellion  
  24  2:56  Command Center  
  26  2:58  SCV  
  26  3:02  Infernal Pre-Igniter  
  27  3:10  SCV  
  28  3:19  Hellion  
  30  3:31  Supply Depot  
  30  3:32  SCV  
  31  3:36  Barracks Tech Lab  
  31  3:53  SCV, Hellion x3  
  38  4:11  Refinery  
  38  4:14  Hellion  
  38  4:16  Command Center  
  40  4:25  Orbital Command  
  40  4:33  SCV  
  39  5:02  SCV x2  
  41  5:09  Siege Tank  
  41  5:11  Widow Mine x2  
  41  5:12  Marauder  
  51  5:14  SCV  
  48  5:32  SCV x2  
  48  5:35  Refinery  
  48  5:44  Siege Tank, SCV x2  
  48  5:49  Factory, Armory  
  53  5:50  Engineering Bay, Armory  
  53  5:56  SCV  
  54  5:58  SCV  
  54  6:01  Hellion  
  54  6:03  Hellion  
  59  6:08  SCV  
  59  6:10  SCV  
  61  6:14  Factory  
  61  6:20  SCV  
  61  6:21  Planetary Fortress  
  61  6:22  SCV  
  63  6:34  Hellion x3  
  63  6:39  Terran Vehicle And Ship Armor Level 1, Terran Vehicle Weapons Level 1  
  69  6:40  Neosteel Armor  
  69  6:46  Barracks Tech Lab  
  69  6:48  Supply Depot  
  69  7:05  SCV x2  
  69  7:08  Siege Tank  
  74  7:11  Supply Depot  
  74  7:14  Refinery  
  74  7:18  SCV x3  
  74  7:22  Refinery  
  77  7:23  Siege Tank x2  
  83  7:30  SCV  
  84  7:40  Siege Tank  
  73  8:01  Hellion x2  
  73  8:02  Hellion x2  
  70  8:06  SCV x3  
  70  8:12  Siege Tank  
  76  8:16  Barracks Tech Lab  
  76  8:18  SCV, Factory  
  76  8:19  SCV  
  78  8:21  Supply Depot  
  78  8:22  SCV  
  78  8:23  Supply Depot  
  79  8:30  SCV  
  79  8:32  Command Center  
  80  8:38  Hellion x3  
  80  8:39  Siege Tank  
  80  8:40  SCV  
  80  8:41  SCV  
  91  8:42  SCV  
  91  8:44  Siege Tank  
  91  8:46  Missile Turret  
  95  8:53  SCV  
  95  8:55  Terran Vehicle Weapons Level 2  
  96  8:58  Terran Vehicle And Ship Armor Level 2  
  96  9:04  Hellion x3  
  96  9:08  SCV  
  104  9:10  SCV x2  
  104  9:16  Hellion x2  
  109  9:24  Supply Depot  
  109  9:27  Supply Depot  
  109  9:32  Hellion x5  
  109  9:33  Hellion  
  109  9:43  SCV x2, Cyclone x2  
  117  9:51  Planetary Fortress  
  98  10:12  Cyclone  
  98  10:14  Hellion x2  
  101  10:15  Cyclone x2  
  105  10:21  SCV x2  
  105  10:22  SCV  
  108  10:28  Drilling Claws  
  108  10:33  SCV  
  108  10:34  SCV  
  108  10:35  Hellion  
  110  10:36  SCV x2  
  110  10:39  Barracks Tech Lab, Factory  
  112  10:44  Cyclone, Hi-Sec Auto Tracking, Starport  
  112  10:46  SCV x2  
  112  10:47  Siege Tank x2  
  112  10:48  SCV  
  124  10:50  SCV  
  125  10:58  SCV  
  125  11:02  Refinery  
  126  11:04  Refinery  
  126  11:09  SCV x2  
  128  11:14  Cyclone  
  128  11:16  Cyclone  
  134  11:21  Terran Vehicle Weapons Level 3, Fusion Core, Terran Vehicle And Ship Armor Level 3  
  134  11:23  Starport Reactor  
  134  11:41  SCV x4  
  138  11:50  Supply Depot  
  138  11:52  Supply Depot  
  138  11:53  SCV  
  139  11:54  Siege Tank, Cyclone x2  
  148  12:12  Cyclone  
  151  12:46  Command Center  
  151  12:49  Command Center  
  151  12:51  Refinery  
  151  12:54  Refinery  
  126  13:14  Cyclone  
  126  13:15  Siege Tank x2, Hellion x3  
  127  13:22  SCV x4  
  127  13:25  Viking x2  
  132  13:34  SCV x2  
  132  13:36  Supply Depot, Siege Tank, Hellion x2  
  132  13:38  Advanced Ballistics  
  141  13:42  Supply Depot  
  141  13:44  Supply Depot  
  141  13:46  Siege Tank  
  141  13:47  Siege Tank x2  
  150  13:55  Viking x2  
  152  14:00  Cyclone, Hellion x2  
  155  14:06  Supply Depot  
  155  14:08  Planetary Fortress, Siege Tank  
  155  14:09  Orbital Command  
  158  14:18  Siege Tank  
  158  14:19  Siege Tank, Hellion  
  158  14:22  Hellion  
  168  14:25  Liberator x2  
  174  14:32  Cyclone  
  177  14:40  Cyclone x2  
  183  14:51  Hellion x2  
Show
View Real Time Build Order
Export as new Build Order

Ekelpack Zerg 

Build Orders: Hatch First, Roach Hydra 

Get SALT Encoding   

  12  0:00  Drone  
  13  0:12  Overlord  
  13  0:17  Drone  
  14  0:30  Drone x2  
  14  0:34  Drone  
  17  0:48  Drone  
  18  0:55  Hatchery  
  17  0:59  Drone  
  17  1:03  Extractor  
  17  1:15  Spawning Pool  
  16  1:19  Drone  
  16  1:21  Drone  
  18  1:27  Drone  
  19  1:38  Drone  
  20  2:03  Queen  
  20  2:08  Drone, Queen  
  25  2:17  Roach Warren, Drone  
  25  2:20  Drone  
  26  2:27  Overlord  
  26  2:29  Drone  
  27  2:35  Drone  
  28  2:48  Drone  
  28  2:50  Overlord  
  29  2:56  Lair  
  29  2:57  Evolution Chamber  
  28  2:59  Drone x2  
  28  3:00  Drone  
  28  3:04  Drone  
  32  3:08  Drone  
  33  3:15  Drone, Extractor  
  33  3:17  Drone x2  
  33  3:18  Drone  
  36  3:23  Zerg Missile Weapons Level 1  
  36  3:29  Overlord  
  36  3:45  Roach  
  36  3:46  Roach x3  
  44  3:48  Roach  
  44  3:49  Roach x2  
  44  3:52  Overlord  
  50  3:59  Glial Reconstitution  
  50  4:04  Extractor  
  50  4:05  Drone x3  
  52  4:17  Drone x2  
  54  4:26  Extractor  
  54  4:28  Hatchery  
  52  4:35  Drone  
  52  4:36  Drone x3, Overlord  
  56  4:44  Drone  
  57  4:49  Hydralisk Den  
  51  4:54  Roach  
  41  5:07  Spine Crawler, Drone x4  
  32  5:37  Roach x7  
  44  5:50  Drone  
  45  6:05  Drone x2  
  45  6:09  Zerg Missile Weapons Level 2  
  47  6:13  Drone x3  
  50  6:19  Spine Crawler  
  50  6:22  Grooved Spines  
  49  6:30  Drone x5  
  54  6:33  Hydralisk  
  56  6:42  Drone  
  56  6:44  Queen  
  59  6:55  Hydralisk x2, Roach  
  59  6:56  Hydralisk  
  67  7:02  Drone x2  
  67  7:03  Drone  
  67  7:05  Overlord  
  70  7:19  Drone, Overlord  
  70  7:21  Hydralisk  
  73  7:25  Drone  
  73  7:29  Drone x5  
  80  7:30  Drone  
  80  7:34  Hydralisk  
  80  7:35  Hydralisk  
  63  7:52  Hydralisk x2  
  63  7:53  Hydralisk x3  
  63  7:57  Hydralisk  
  63  7:58  Hydralisk  
  69  7:59  Hydralisk  
  69  8:03  Drone x2  
  75  8:10  Drone  
  76  8:14  Muscular Augments  
  76  8:20  Drone  
  76  8:22  Extractor  
  76  8:25  Zerg Ground Armor Level 1  
  76  8:37  Drone  
  76  8:38  Drone  
  76  8:41  Extractor  
  77  9:05  Hydralisk x6  
  77  9:07  Overlord x3  
  89  9:25  Hydralisk x10  
  105  9:48  Hydralisk  
  105  9:49  Hydralisk x5  
  111  9:56  Hydralisk  
  111  9:57  Hydralisk x2  
  103  10:30  Overlord x3  
  103  10:39  Zerg Ground Armor Level 2  
  103  10:52  Drone x3  
  106  10:59  Hatchery  
  105  11:14  Overseer  
  105  11:23  Hydralisk  
  105  11:24  Hydralisk x11  
  129  11:26  Overlord x3  
  129  11:44  Infestation Pit  
  122  12:25  Hydralisk  
  122  12:26  Hydralisk x14  
  152  12:48  Overlord x2  
  152  12:49  Overlord x3  
  42  13:21  Hydralisk  
  42  13:22  Hydralisk x5  
  50  13:31  Drone x2  
Show
View Real Time Build Order
Export as new Build Order

Nyck Terran 

Build Orders:  

Get SALT Encoding   

  12  0:00  SCV  
  13  0:12  SCV  
  14  0:17  Supply Depot  
  14  0:24  SCV  
  15  0:39  SCV  
  15  0:40  Barracks  
  16  0:47  Refinery  
  16  0:51  SCV  
  17  1:00  Barracks  
  17  1:03  SCV  
  18  1:15  SCV  
  19  1:23  Refinery  
  19  1:29  Barracks  
  19  1:30  Reaper  
  20  1:51  Orbital Command  
  20  1:52  Supply Depot  
  20  2:00  Barracks Reactor  
  20  2:03  Barracks Tech Lab  
  20  2:17  Barracks Reactor  
  20  2:19  SCV  
  21  2:23  Combat Shield  
  21  2:32  SCV  
  22  2:45  SCV  
  22  2:53  Marine x3  
  22  2:54  Marine x2  
  27  3:09  Command Center  
  27  3:12  Marine  
  28  3:14  Marine  
  28  3:18  Marine  
  28  3:19  Marine  
  31  3:28  Marine  
  31  3:29  Supply Depot  
  31  3:32  Marine  
  33  3:37  Marine  
  34  3:42  Marine  
  34  3:44  Marine  
  36  3:48  Marine  
  36  3:54  Marine  
  38  3:59  Stimpack  
  38  4:04  Marine  
  38  4:08  SCV  
  40  4:26  Orbital Command  
  40  4:31  SCV  
  41  4:41  Factory  
  41  4:43  SCV  
  42  4:55  SCV, Marine, Marauder  
  42  4:56  Marine x2  
  42  4:57  Marine  
  43  5:14  SCV x2  
  45  5:16  Marine x4, Marauder  
  40  5:35  Marine x2  
  40  5:36  Marine x2  
  40  5:38  Marauder  
  40  5:40  Starport, Factory Tech Lab  
  40  5:42  SCV  
  47  5:44  SCV  
  48  5:54  SCV  
  49  6:07  Siege Tank  
  49  6:10  SCV x2  
  54  6:14  Refinery  
  54  6:15  Refinery  
  54  6:20  Marine x2  
  54  6:21  Marine x2, Marauder  
  54  6:22  Starport Reactor  
  60  6:26  Supply Depot  
  60  6:28  SCV x2  
  62  6:48  SCV x2, Siege Tank  
  62  6:51  Marine, Marauder  
  70  7:03  Supply Depot  
  70  7:07  SCV x2, Marine x2, Medivac x2  
  78  7:24  Marine x2  
  78  7:25  SCV x2, Marine, Command Center, Marauder  
  78  7:26  Supply Depot  
  85  7:33  Engineering Bay x2  
  85  7:38  Siege Tank  
  74  8:05  Marine x4, Marauder  
  78  8:09  Medivac x2  
  78  8:10  Siege Tank  
  86  8:16  SCV  
  86  8:17  SCV, Terran Infantry Weapons Level 1  
  86  8:18  Terran Infantry Armor Level 1  
  88  8:21  Concussive Shells  
  88  8:24  Supply Depot  
  88  8:28  Marine x3, Marauder  
  88  8:29  Marine  
  94  8:53  SCV x2  
  96  8:56  Siege Tank  
  96  8:57  Marine  
  96  8:58  Marine x3, Marauder  
  96  9:00  Medivac  
  96  9:01  Medivac  
  109  9:15  Marine  
  110  9:19  Marauder  
  64  10:29  Orbital Command  
  64  10:30  SCV x2  
  64  10:35  Siege Tank  
  69  10:36  Liberator x2  
  69  10:37  Marine  
  69  10:38  Marine x3  
  69  10:39  Marauder  
  81  10:44  Armory x2  
  81  10:46  Armory  
  81  10:59  Barracks  
  81  11:07  SCV x3  
  84  11:16  Barracks  
  86  11:18  Widow Mine  
  86  11:30  SCV x3  
  86  11:32  Marine x4, Marauder  
  94  11:36  Liberator x2  
  94  11:39  Siege Tank  
  104  11:41  Terran Vehicle And Ship Armor Level 1  
  104  11:42  SCV x2, Terran Ship Weapons Level 1  
  104  11:43  SCV, Terran Vehicle Weapons Level 1, Terran Infantry Weapons Level 2  
  104  11:44  Terran Infantry Armor Level 2  
  107  11:53  Marauder  
  107  11:54  Barracks Reactor  
  109  11:55  Marine x4  
  113  12:13  Marine x4  
  117  12:32  Barracks Reactor  
  117  12:55  SCV, Marine x2, Liberator  
  117  12:56  Marauder  
  117  12:57  SCV x2, Marine x4  
  32  13:36  Marine x2  
  32  13:37  Marine  
  32  13:38  Marauder  
  26  13:45  Liberator  
  29  14:00  Marauder  
  25  14:21  Marauder  
  27  14:39  SCV  
  28  14:51  SCV  
Tags
 
Add a new tag
Caveats
  • Supply blocks, unpowered buildings, or Contaminate may cause inaccurate times.
  • Supply counts are checked every 10 seconds.